 Dungeon Crawl Stone Soup version 0.27.1-37-g7b29ead8ac (console) character file.

Game seed: 18245119037928479737

42 grimtooth the Vexing (level 3, -5/19 HPs)
             Began as a Kobold Enchanter on May 15, 2023.
             Killed from afar by a white imp (11 damage)
             ... with a puff of frost
             ... summoned by Natasha
             ... on level 2 of the Dungeon.
             The game lasted 00:05:39 (1593 turns).

grimtooth the Vexing (Kobold Enchanter)             Turns: 1593, Time: 00:05:40

Health: -5/19      AC:  3    Str:  5    XL:     3   Next: 80%
Magic:  6/6        EV: 15    Int: 23    God:
Gold:   41         SH:  0    Dex: 15    Spells: 0/6 levels left

rFire    . . .     SeeInvis .   a - +1 dagger
rCold    . . .     Faith    .   (shield restricted)
rNeg     . . .     Spirit   .   b - +1 robe
rPois    .         Reflect  .   (no helmet)
rElec    .         Harm     .   (no cloak)
rCorr    .         Rampage  .   (no gloves)
Will     .....                  (no boots)
Stlth    ++++......             (no amulet)
HPRegen  0.06/turn              e - +6 ring of intelligence
MPRegen  0.10/turn              (no ring)

@: no status effects
A: small, no large weapons, nightstalker 3
a: no special abilities


You were on level 2 of the Dungeon.
You visited 1 branch of the dungeon, and saw 2 of its levels.

You collected 41 gold pieces.

Inventory:

Hand Weapons
 a - a +1 dagger (weapon)
Armour
 b - a +1 robe (worn)
Jewellery
 e - a +6 ring of intelligence (left hand)
Scrolls
 d - a scroll of enchant armour
 h - a scroll of teleportation {unknown}
Potions
 c - a potion of heal wounds {unknown}
 f - a potion of lignification {unknown}
 g - a potion of degeneration {unknown}


   Skills:
 - Level 1.3 Short Blades
 - Level 2.4 Dodging
 - Level 4.0 Stealth
 - Level 2.1 Spellcasting
 + Level 4.5 Hexes


You couldn't memorise any spells.
You knew the following spells:

 Your Spells              Type           Power      Damage    Failure   Level
a - Corona                Hex            25%        N/A       1%          1
b - Ensorcelled Hibernat  Hex/Ice        24%        N/A       8%          2
z - Confusing Touch       Hex            23%        N/A       6%          3

Your spell library contained the following spells:

 Spells                   Type           Power      Damage    Failure   Level
 Tukima's Dance           Hex            23%        N/A       6%          3
 Dazzling Flash           Conj/Hex       24%        N/A       16%         3


Dungeon Overview and Level Annotations

Branches:
Dungeon (2/15)

Altars:

Annotations:
D:2 Natasha


Innate Abilities, Weirdness & Mutations

You are small and have problems with some larger weapons.
You are completely attuned to the shadows.


Message History

Aiming: Corona (safe; 1% risk of failure)
Press: ? - help, Shift-Dir - straight line, f - frilled lizard
Aim: a frilled lizard (chance to affect: 78%)
The frilled lizard is outlined in light.
You hit the frilled lizard.
You kill the frilled lizard!
Magic restored.
You see here a +0 flail.
Found a hand axe.
You see here a +0 hand axe.
Found a scroll labelled ERECIOZXEU.
h - a scroll labelled ERECIOZXEU The frilled lizard hisses angrily.
You hear an angry hiss.
The frilled lizard hisses.
Casting: Corona (safe; 1% risk of failure)
Confirm with . or Enter, or press ? or * to list all spells.
Aiming: Ensorcelled Hibernation (safe; 8% risk of failure)
Press: ? - help, Shift-Dir - straight line, f - Natasha
Aim: Natasha (chance to affect: 43%)
Okay, then.
Natasha extends her claws.
Natasha stares at you and mumbles some strange words.
The magic dart hits you!
Natasha casts a spell.
Natasha mumbles some strange words.
The white imp gestures at you. The puff of frost hits you!
* * * LOW HITPOINT WARNING * * *
Okay, then.
Casting: Ensorcelled Hibernation (safe; 8% risk of failure)
Confirm with . or Enter, or press ? or * to list all spells.
You can't see any susceptible monsters within range! (Use Z to cast anyway.)
Enter note: - shit
As you read the scroll labelled CUC DIDENYICK, it crumbles to dust.
It is a scroll of enchant armour.
Your +0 robe glows green for a moment.
The white imp gestures at you. The puff of frost hits you!
Ouch! That really hurt!
You die...

.......h.# #.#
..... #.# ..###
#.# ..## #.# ....
#.# ##### #.# #.#
#.# #.# #.# #@#
#.#
################.#
..........h.l5.5.#
##################


You could see a white imp (summoned).

Vanquished Creatures
  A gnoll (D:2)
  2 dart slugs
  8 ball pythons
  2 bats (D:1)
  An endoplasm (D:1)
  2 hobgoblins (D:1)
  4 jackals (D:1)
  2 quokkas (D:1)
  3 frilled lizards
  2 goblins (D:1)
  3 rats
30 creatures vanquished.

Notes
Turn   | Place    | Note
-------+----------+-------------------------------------------
     0 | D:1      | grimtooth the Kobold Enchanter began the quest for the Orb.
     0 | D:1      | Reached XP level 1. HP: 10/10 MP: 3/3
   151 | D:1      | Reached XP level 2. HP: 15/15 MP: 5/5
   628 | D:1      | Reached XP level 3. HP: 10/19 MP: 3/6
  1127 | D:1      | Learned a level 3 spell: Confusing Touch
  1130 | D:1      | Learned a level 2 spell: Ensorcelled Hibernation
  1256 | D:2      | Noticed Natasha
  1593 | D:2      | - shit
  1593 | D:2      | Killed from afar by a white imp

Illustrated notes

.......h.# #.#
..... #.# ..###
#.# ..## #.# ....
#.# ##### #.# #.#
#.# #.# #.# #@#
#.#
################.#
..........h.l5.5.#
##################


Turn 1593 on D:2: - shit

Levels and vault maps discovered:
D:1:      dpeg_arrival_three_smaller_balls, layout_loops_ring,
          chequers_serial_rivers_small_b
D:2:      layout_basic, serial_shops, shop, uniq_robin, uniq_natasha

Skill      XL: |  1  2 |
---------------+-------+-----
Hexes          | 4 |  4.5
Short Blades   | |  1.3
Dodging        | |  2.4
Stealth        | |  4.0
Spellcasting   | |  2.1

Action                   || total
-------------------------++-------
Melee: Dagger            ||    70
 Cast: Corona            ||     9
       Ensorcelled Hiber ||     3
  Use: Scroll            ||     1
 Stab: Sleeping          ||    19
Armor: Robe              ||     9
Dodge: Dodged            ||    45
